 Dungeon Crawl Stone Soup version 0.18.1-47-g9310371 (webtiles) character file.

1103 Oakoak the Ducker (level 8, -4/69 HPs)
             Began as a Deep Dwarf Hunter on June 21, 2016.
             Was an Initiate of Fedhas.
             Slain by Duvessa
             ... wielding a +0 short sword
              (14 damage)
             ... on level 6 of the Dungeon.
             The game lasted 00:23:59 (5759 turns).

Oakoak the Ducker (Deep Dwarf Hunter)               Turns: 5759, Time: 00:24:03

Health: -4/69      AC:  8    Str: 18    XL:     8   Next: 10%
Magic:  6/6        EV: 13    Int: 12    God:    Fedhas [......]
Gold:   304        SH:  0    Dex: 13    Spells: 0 memorised, 7 levels left

rFire  . . .     SeeInvis .     n - +0 dagger (venom)
rCold  . . .     Gourm    .     z - +1 ring mail {rPois}
rNeg   . . .     Faith    .     (no shield)
rPois  +         Spirit   .     (no helmet)
rElec  .         Dismiss  .     k - +0 cloak
rCorr  .         Reflect  .     (no gloves)
SustAt .         Harm     .     (no boots)
MR     +....                    (no amulet)
Stlth  +.........               (no ring)
                                (no ring)

@: non-regenerating, somewhat resistant to hostile enchantments, very unstealthy
A: damage resistance, recharge devices, sense surroundings 1, slow regeneration
3
a: Device Recharging, Renounce Religion


You were on level 6 of the Dungeon.
You worshipped Fedhas.
Fedhas was noncommittal.
You were not hungry.

You visited 1 branch of the dungeon, and saw 6 of its levels.

You collected 304 gold pieces.

Inventory:

Hand Weapons
 a - a +1 hand crossbow
 b - a +0 short sword
 h - a +0 hand axe
 n - a +0 dagger of venom (weapon)
 H - a +0 shortbow
Missiles
 d - 63 bolts
 i - 34 arrows
Armour
 c - a +0 leather armour
 k - a +0 cloak (worn)
 l - a +0 leather armour
 z - a +1 ring mail of poison resistance (worn)
 I - a cursed +0 cloak
Jewellery
 s - an uncursed ring of fire {unknown}
Wands
 e - a wand of heal wounds (0/9)
Scrolls
 m - 3 scrolls of remove curse {unknown}
 o - a scroll of magic mapping {unknown}
 p - 3 scrolls of identify
 q - 3 scrolls of recharging {unknown}
 r - a scroll of amnesia {unknown}
 u - 2 scrolls of teleportation {unknown}
 v - a scroll of enchant armour {unknown}
 w - 3 scrolls of enchant weapon {unknown}
 y - a scroll of noise {unknown}
 B - a scroll of immolation {unknown}
 D - 3 scrolls of random uselessness {unknown}
Potions
 t - 2 potions of flight {unknown}
 x - a potion of brilliance {unknown}
 A - a potion of haste {unknown}
 C - a potion of agility
 E - a potion of lignification {unknown}
 G - a potion of cure mutation {unknown}
Books
 J - a book of Cantrips

   Spells                             Type                      Level
   a - Corona                         Hexes                        1
   b - Animate Skeleton               Necromancy                   1
   c - Summon Small Mammal            Summoning                    1
   d - Apportation                    Translocation                1
Comestibles
 f - a bread ration
 g - 9 fruits
 j - 2 slices of pizza
 F - a meat ration


   Skills:
 + Level 3.4 Fighting
 + Level 1.8 Short Blades
 + Level 2.3 Bows
 + Level 5.4 Crossbows
 + Level 4.9 Armour
 + Level 6.0 Dodging
 + Level 1.7 Stealth
 + Level 2.0 Evocations


You had 7 spell levels left.
You didn't know any spells.

Dungeon Overview and Level Annotations

Branches:
Dungeon (6/15)
 Temple: D:4-7

Altars:
Cheibriados
Elyvilon
Fedhas
Gozag
Qazlal
Sif Muna
Xom
The Shining One

Shops:
D:4 (

Annotations:
D:6 Duvessa


Innate Abilities, Weirdness & Mutations

You are resistant to damage.
You can recharge devices by infusing magical energy.
You passively map a small area around you.
You do not regenerate naturally.


Message History

Dowan misses you.
You barely miss Dowan.
Dowan is heavily wounded.
The giant frog barely misses you. The hound misses you.
The iguana completely misses you. Duvessa closely misses you.
The giant frog hits you. The hound bites you but does no damage.
Dowan hits you but does no damage.
You hit Dowan.
Dowan is severely wounded.
You kill Dowan!
Duvessa screams in rage.
Duvessa goes berserk!
Your Dodging skill increases to level 6!
Your Evocations skill increases to level 2!
The giant frog hits you!
* * * LOW HITPOINT WARNING * * *
The iguana closely misses you. The hound closely misses you.
Duvessa hits you with a short sword!
You die...
Fedhas appreciates your contribution to the ecosystem.

#.........(
#..........
#.......(..
#.......(..
##........#
##...(....#
#..........
##########..........
##.h@).##............
##..lFe...)...........
#....Y................
#.....................
#...)................#
#.....................
#.....................
#.....................
##...................>


You could see Duvessa (berserk), an ice beast, a giant frog, an iguana and a
hound.

Vanquished Creatures
  A phantom (D:5)
  2 centaurs
  A giant frog (D:6)
  Dowan (D:6)
  2 jellies (D:5)
  2 crimson imps
  A hound (D:5)
  2 orc wizards (D:4)
  Terence (D:3)
  4 worker ants
  A howler monkey zombie (D:5)
  A worker ant zombie (D:5)
  Robin (D:3)
  4 gnolls (D:2)
  9 adders
  8 river rats (D:5)
  2 oozes
  An adder skeleton (D:4)
  3 worms
  2 dart slugs (D:1)
  4 giant geckos (D:5)
  15 orcs
  2 ball pythons
  11 giant cockroaches
  10 goblins
  12 hobgoblins
  A quokka (D:5)
  4 bats
  2 giant newts (D:3)
  A jackal skeleton (D:4)
  4 kobolds
  3 quokka skeletons
  30 rats
148 creatures vanquished.

Vanquished Creatures (others)
  10 toadstools
10 creatures vanquished.

Grand Total: 158 creatures vanquished

Notes
Turn   | Place    | Note
--------------------------------------------------------------
     0 | D:1      | Oakoak the Deep Dwarf Hunter began the quest for the Orb.
     0 | D:1      | Reached XP level 1. HP: 19/19 MP: 1/1
   354 | D:1      | Reached XP level 2. HP: 26/26 MP: 2/2
   588 | D:1      | Reached skill level 5 in Crossbows
  1181 | D:2      | Reached XP level 3. HP: 16/32 MP: 3/3
  1749 | D:2      | Reached XP level 4. HP: 39/39 MP: 4/4
  2106 | D:2      | Reached skill level 1 in Armour
  2131 | D:2      | Reached skill level 1 in Short Blades
  2321 | D:3      | Found a deep blue altar of Sif Muna.
  2327 | D:3      | Found a shimmering altar of Xom.
  2446 | D:3      | Reached skill level 3 in Dodging
  2449 | D:3      | Found a white marble altar of Elyvilon.
  2463 | D:3      | Found a glowing golden altar of the Shining One.
  2463 | D:3      | Found a snail-covered altar of Cheibriados.
  2602 | D:3      | Noticed Terence
  2623 | D:3      | Killed Terence
  2623 | D:3      | Reached XP level 5. HP: 27/46 MP: 4/4
  2858 | D:3      | Noticed Robin
  2914 | D:3      | Killed Robin
  2929 | D:3      | Found a stormy altar of Qazlal.
  3390 | D:4      | Reached skill level 4 in Dodging
  3523 | D:4      | Reached XP level 6. HP: 13/55 MP: 5/5
  3645 | D:4      | Found Robufadgh's Weapon Shop.
  3987 | D:4      | Found a blossoming altar of Fedhas.
  4000 | D:4      | Became a worshipper of Fedhas Madash
  4361 | D:5      | Entered Level 5 of the Dungeon
  4470 | D:5      | Found an opulent altar of Gozag.
  4693 | D:5      | Reached skill level 5 in Dodging
  4693 | D:5      | Reached skill level 1 in Evocations
  4693 | D:5      | Reached XP level 7. HP: 42/62 MP: 5/5
  5163 | D:5      | Reached skill level 1 in Bows
  5719 | D:6      | Reached XP level 8. HP: 25/69 MP: 6/6
  5722 | D:6      | Noticed Duvessa
  5736 | D:6      | Noticed Dowan
  5749 | D:6      | HP: 3/69 [Dowan/puff of flame (2)]
  5759 | D:6      | Killed Dowan
  5759 | D:6      | Reached skill level 6 in Dodging
  5759 | D:6      | Slain by Duvessa

Skill      XL: |  1  2  3  4  5  6  7  8 |
---------------+-------------------------+-----
Crossbows      | 5 |  5.4
Fighting       | 2 3 |  3.4
Armour         | 1 2 3 4 |  4.9
Short Blades   | 1 |  1.8
Dodging        | 3 4 5 6 |  6.0
Evocations     | 1 2 |  2.0
Bows           | 2 |  2.3
Stealth        | |  1.7

Action                   |  1- 3 |  4- 6 |  7- 9 || total
-------------------------+-------+-------+-------++-------
Melee: Short sword       |   130 |    42 |       ||   172
       Dagger            |     3 |   399 |    77 ||   479
 Fire: Hand crossbow     |    32 |       |     4 ||    36
       Shortbow          |       |       |   204 ||   204
 Abil: Device Recharging |       |     2 |     1 ||     3
Evoke: Wand              |     1 |     9 |    10 ||    20
  Use: Scroll            |     1 |       |       ||     1
       Potion            |     1 |       |       ||     1
 Stab: Sleeping          |     3 |       |       ||     3
  Eat: Fruit             |     2 |       |       ||     2
       Beef jerky        |     1 |       |       ||     1
       Chunk             |       |     4 |     1 ||     5
       Meat ration       |       |     1 |       ||     1
       Bread ration      |       |       |     1 ||     1
Armor: Leather armour    |    16 |     9 |       ||    25
       Ring mail         |       |   162 |   120 ||   282
Dodge: Dodged            |    39 |   273 |   263 ||   575
